 Dungeon Crawl Stone Soup version 0.27-a0-46-g34d46f0a3f (webtiles) character file.

Game seed: 16527915689650098975

2996 Borgoz the Carver (level 10, 0/106 HPs)
             Began as a Halfling Fighter on Jan 6, 2021.
             Splashed by a jelly's acid (1 damage)
             ... on level 8 of the Dungeon.
             The game lasted 00:11:05 (8407 turns).

Borgoz the Carver (Halfling Fighter)                Turns: 8407, Time: 00:11:06

Health: 0/106      AC: 18    Str: 17    XL:     10   Next: 9%
Magic:  10/10      EV:  7    Int: 12    God:
Gold:   379        SH:  7    Dex: 18    Spells: 9/9 levels left

rFire    + . .     SeeInvis .   a - +5 scimitar
rCold    . . .     Faith    .   s - +0 buckler
rNeg     . . .     Spirit   .   h - +1 plate armour {rF+}
rPois    .         Reflect  .   g - +1 helmet
rElec    .         Harm     .   n - +0 cloak
rCorr    .         Rampage  .   (no gloves)
Will     .....                  y - +0 pair of boots
Stlth    ..........             B - amulet of regeneration
HPRegen  0.67/turn              o - +6 ring of intelligence
MPRegen  0.12/turn              q - ring of stealth

@: berserking (expiring), lethally poisoned (0 -> -3), slowed
A: small, mutation resistance 1
a: no special abilities


You were on level 8 of the Dungeon.
You visited 1 branch of the dungeon, and saw 8 of its levels.

You collected 379 gold pieces.

Inventory:

Hand Weapons
 a - a +5 scimitar (weapon)
 b - a +2 dagger of speed
Armour
 c - a +0 kite shield
 g - a +1 helmet (worn)
 h - a +1 plate armour of fire resistance (worn)
 n - a +0 cloak (worn)
 s - a +0 buckler (worn)
 y - a +0 pair of boots (worn)
Jewellery
 o - a +6 ring of intelligence (left hand)
 q - a ring of stealth (right hand)
 B - an amulet of regeneration (around neck)
Wands
 k - a wand of iceblast (7)
 w - a wand of flame (30)
 C - a wand of paralysis (9)
Scrolls
 e - 3 scrolls of remove curse
 p - 5 scrolls of teleportation
 v - a scroll of enchant armour
 x - a scroll of amnesia
 z - a scroll of fear
 A - a scroll of enchant weapon {unknown}
 D - a scroll of fog {unknown}
Potions
 d - 5 potions of might
 f - a potion of cancellation {unknown}
 i - 2 potions of flight
 j - 2 potions of ambrosia {unknown}
 l - 2 potions of lignification {unknown}
 m - a potion of haste
 r - 2 potions of brilliance
 u - a potion of mutation {unknown}


   Skills:
 * Level 7.6 Fighting
 * Level 8.0 Long Blades
 + Level 6.7 Armour
 + Level 6.7 Shields


You had 9 spell levels left.
You didn't know any spells.
Your spell library contained the following spells:

 Spells                   Type           Power        Failure   Level
 Magic Dart               Conj           0%           100%        1
 Searing Ray              Conj           0%           100%        2
 Dazzling Flash           Conj/Hex       0%           100%        3
 Fulminant Prism          Conj/Hex       0%           100%        4
 Iskenderun's Mystic Bla  Conj/Tloc      0%           100%        4


Dungeon Overview and Level Annotations

Branches:
Dungeon (8/15)             Temple (0/1) D:7
   Lair: D:8-11

Altars:
Nemelex Xobeh
Okawaru
Sif Muna
Trog
Vehumet
Yredelemnul
Zin
The Shining One

Shops:
D:6 *

Annotations:
D:5 3 runed translucent doors, arkorax's ghost, amateur DsNe


Innate Abilities, Weirdness & Mutations

You are small and have problems with some larger weapons.
You are somewhat resistant to further mutation.


Message History

* * * LOW HITPOINT WARNING * * *
You feel as though you will be slow longer.
You slash the hornet!
The hornet is severely wounded.
* * * LOW HITPOINT WARNING * * *
You feel sick.
The hornet stings you but does no damage.
You closely miss the hornet.
The hornet is severely wounded.
* * * LOW HITPOINT WARNING * * *
You feel sick.
The hornet stings you but does no damage. x2
You slash the hornet!
You kill the hornet!
* * * LOW HITPOINT WARNING * * *
You feel sick.
Your life force feels restored.
Your Long Blades skill increases to level 8!
You slash the jelly!
Your hands burn!
You die...

.................#
...........#
...........#
.#..####...########
.#.......>.........
...............####
...............+
...............#
.s<.##@########
.... #J#
#?............
...#.##........ .$
#........ #.
..?...... ..
......... .
.........
..........


You could see a jelly.

Vanquished Creatures
  A hornet (D:8)
  Prince Ribbit (D:8)
  A black bear (D:7)
  2 orc warriors (D:7)
  A sky beast (D:4)
  2 phantoms (D:6)
  An ogre (D:4)
  A centaur (D:2)
  Blork the orc (D:5)
  3 bullfrogs
  2 scorpions
  5 wights
  3 howler monkeys
  A jelly (D:6)
  A centaur skeleton (D:5)
  3 hounds
  2 orc priests
  3 bullfrog skeletons
  7 orc wizards
  Crazy Yiuf (D:4)
  Ijyb (D:4)
  An iguana (D:5)
  A worker ant (D:4)
  3 hell rats (D:8)
  A killer bee zombie (D:6)
  A hound zombie (D:5)
  A hound skeleton (D:8)
  A mummy (D:7)
  2 worker ant zombies
  6 gnolls
  5 river rats (D:8)
  13 adders
  A shadow imp (D:8)
  A white imp (D:7)
  An ufetubus (D:5)
  3 oozes
  2 adder zombies (D:7)
  5 adder skeletons
  7 worms
  3 dart slugs
  7 leopard geckos
  22 orcs
  2 ball pythons (D:2)
  2 giant cockroaches
  15 goblins
  10 hobgoblins
  7 jackals
  5 quokkas
  15 bats
  7 frilled lizards
  3 hobgoblin zombies (D:7)
  4 kobolds
  An orc zombie (D:7)
  26 rats
227 creatures vanquished.

Notes
Turn   | Place    | Note
-------+----------+-------------------------------------------
     0 | D:1      | Borgoz the Halfling Fighter began the quest for the Orb.
     0 | D:1      | Reached XP level 1. HP: 15/15 MP: 1/1
    60 | D:1      | Reached XP level 2. HP: 13/20 MP: 2/2
   322 | D:1      | Reached XP level 3. HP: 26/26 MP: 3/3
   921 | D:2      | Reached XP level 4. HP: 26/31 MP: 4/4
  1149 | D:2      | Noticed a centaur
  1163 | D:2      | Killed a centaur
  1164 | D:2      | Reached skill level 3 in Long Blades
  1164 | D:2      | Reached XP level 5. HP: 25/37 MP: 5/5
  2042 | D:2      | Reached XP level 6. HP: 39/43 MP: 6/6
  2927 | D:3      | Found a basalt altar of Yredelemnul.
  3181 | D:3      | Found a sparkling altar of Nemelex Xobeh.
  3258 | D:3      | Reached skill level 4 in Long Blades
  3376 | D:3      | Found a shimmering blue altar of Sif Muna.
  3790 | D:3      | Found a glowing silver altar of Zin.
  4362 | D:4      | Reached XP level 7. HP: 49/49 MP: 7/7
  4627 | D:4      | Noticed Ijyb
  4652 | D:4      | Killed Ijyb
  4809 | D:4      | Found a radiant altar of Vehumet.
  4809 | D:4      | Found a glowing golden altar of the Shining One.
  4819 | D:4      | Found a runed translucent door.
  4820 | D:4      | Noticed Crazy Yiuf
  5590 | D:4      | Killed Crazy Yiuf
  5593 | D:4      | HP: 2/49 [poisoned by Crazy Yiuf]
  5905 | D:5      | Entered Level 5 of the Dungeon
  5977 | D:5      | Reached skill level 5 in Long Blades
  6003 | D:5      | Noticed arkorax's ghost (amateur DsNe)
  6036 | D:5      | Noticed Blork the orc
  6046 | D:5      | Killed Blork the orc
  6047 | D:5      | Reached skill level 5 in Fighting
  6047 | D:5      | Reached XP level 8. HP: 43/55 MP: 8/8
  6133 | D:5      | Reached skill level 5 in Shields
  6182 | D:5      | Reached skill level 5 in Armour
  6334 | D:5      | Found a runed translucent gate.
  6334 | D:5      | Found a runed translucent gate.
  6334 | D:5      | Found a runed translucent gate.
  6766 | D:6      | Reached skill level 6 in Long Blades
  6780 | D:6      | Reached XP level 9. HP: 34/62 MP: 9/9
  7090 | D:6      | Found an iron altar of Okawaru.
  7233 | D:6      | Found Ahuafeapp's General Store.
  7235 | D:6      | Noticed a moth of wrath
  7257 | D:6      | Found a bloodstained altar of Trog.
  7511 | D:7      | Reached skill level 7 in Long Blades
  7836 | D:7      | Found a staircase to the Ecumenical Temple.
  8125 | D:8      | Noticed Prince Ribbit
  8180 | D:8      | Killed Prince Ribbit
  8377 | D:8      | Reached XP level 10. HP: 67/68 MP: 10/10
  8392 | D:8      | Paralysed by a hornet for 3 turns
  8401 | D:8      | Paralysed by a hornet for 1 turns
  8403 | D:8      | HP: 4/103 [hornet (6)]
  8406 | D:8      | HP: 1/103 [poisoned by a hornet]
  8407 | D:8      | Reached skill level 8 in Long Blades
  8407 | D:8      | Splashed by a jelly's acid

Illustrated notes

Levels and vault maps discovered:
D:1:      giann_bridges, layout_basic
D:2:      layout_basic, minmay_quadrilaterals
D:3:      layout_rooms, nemelex_altar_shiori, lemuel_coloured_pillars_altar,
          lemuel_round_altar, zin_treasury, cheibrodos_sewer_entry_bend
D:4:      layout_layer_cave, gammafunk_temple_overflow_wave, uniq_ijyb,
          uniq_crazy_yiuf_cottage
D:5:      layout_cave_pools, gammafunk_ghost_icy, uniq_blork_the_orc
D:6:      layout_cave_pools, tgw_trog, okawaru_ov_weapons_minmay, serial_shops,
          shop, minmay_misc_feat_room
D:7:      layout_gridville, minmay_temple_entry_proselytizer,
          minmay_mini_ossuary
D:8:      lemuel_ratsnest, layout_basic, elyvilon_altar_4, uniq_prince_ribbit1

Skill      XL: |  1  2  3  4  5  6  7  8  9 10 |
---------------+-------------------------------+-----
Fighting       | 3 4 5 6 7 |  7.6
Long Blades    | 3 4 5 6 7 8 |  8.0
Armour         | 4 5 6 |  6.7
Shields        | 4 5 6 |  6.7

Action                   |  1- 3 |  4- 6 |  7- 9 | 10-12 || total
-------------------------+-------+-------+-------+-------++-------
Melee: Long sword        |   115 |   313 |   226 |       ||   654
       Unarmed           |       |       |     2 |       ||     2
       Scimitar          |       |       |   264 |    14 ||   278
Evoke: Wand              |       |       |     1 |       ||     1
  Use: Scroll            |     1 |     6 |     4 |       ||    11
       Potion            |       |       |     7 |     1 ||     8
Armor: Scale mail        |     6 |       |       |       ||     6
       Plate armour      |    85 |   221 |   377 |     9 ||   692
Dodge: Dodged            |    34 |   103 |   180 |     6 ||   323
Block: Kite shield       |    96 |   121 |       |       ||   217
       Buckler           |       |    56 |   164 |     3 ||   223
       Rpst.: Long sword |     8 |    31 |    38 |       ||    77
       Scimitar          |       |       |    24 |     2 ||    26

Table legend: (Time is in decaauts)
 A = Elapsed time spent in this place.
 B = Non-inter-level travel time spent in this place.
 C = Inter-level travel time spent in this place.
 D = Time resting spent in this place.
 E = Time spent auto-exploring this place.
 F = Levels seen in this place.
 G = Mean time per level.
                   A        B        C        D        E       F      G
               +--------+--------+--------+--------+--------+-----+--------+
         Total |   8587 |   8373 |    214 |   1270 |   5193 |   8 | 1073.4 |
       Dungeon |   8587 |   8373 |    214 |   1270 |   5193 |   8 | 1073.4 |
               +--------+--------+--------+--------+--------+-----+--------+

Top non-repeatable levels by time:
     D:4: 1991 daAuts
     D:2: 1862 daAuts
     D:3: 1386 daAuts
     D:1: 801 daAuts
     D:5: 793 daAuts
     D:7: 746 daAuts
     D:6: 679 daAuts
     D:8: 326 daAuts
